 Dungeon Crawl Stone Soup version 0.29.0-15-g675c0067aa (webtiles) character file.

Game seed: 9696971442312611489

135 Persephone the Shooter (level 4, -7/38 HPs)
             Began as a Minotaur Hunter on Sept 10, 2022.
             Mangled by an ice beast (14 damage)
             ... on level 3 of the Dungeon on Sept 11, 2022.
             The game lasted 00:04:49 (2216 turns).

Persephone the Shooter (Minotaur Hunter)            Turns: 2216, Time: 00:04:49

Health: -7/38      AC:  3    Str: 16    XL:     4   Next: 96%
Magic:  3/3        EV: 12    Int:  6    God:
Gold:   114        SH:  0    Dex: 15    Spells: 3/3 levels left

rFire   . . .      SeeInvis .   a - +0 shortbow
rCold   . . .      Faith    .   (shield currently unavailable)
rNeg    . . .      Spirit   .   c - +0 leather armour
rPois   .          Reflect  .   (helmet restricted)
rElec   .          Harm     .   (no cloak)
rCorr   .          Rampage  .   (no gloves)
Will    .....                   (no boots)
Stlth   ++........              (no amulet)
HPRegen 0.12/turn               (no ring)
MPRegen 0.08/turn               (no ring)

@: no status effects
A: horns 2, retaliatory headbutt
a: no special abilities


You were on level 3 of the Dungeon.
You visited 1 branch of the dungeon, and saw 3 of its levels.

You collected 114 gold pieces.

Inventory:

Hand Weapons
 a - a +0 shortbow (weapon)
Armour
 c - a +0 leather armour (worn)
Scrolls
 b - a scroll of immolation
 e - 2 scrolls of teleportation {unknown}
 h - a scroll of enchant weapon {unknown}
 j - a scroll of identify {unknown}
 n - a scroll of blinking {unknown}
Potions
 d - 3 potions of invisibility {unknown}
 f - 2 potions of heal wounds {unknown}
 g - a potion of magic {unknown}
 i - a potion of lignification {unknown}
 k - a potion of mutation {unknown}
 l - a potion of degeneration {unknown}
 m - 3 potions of ambrosia {unknown}
 o - 4 potions of brilliance {unknown}
 p - a potion of experience {unknown}


   Skills:
 - Level 3.3 Fighting
 + Level 5.7 Ranged Weapons
 - Level 3.1 Dodging
 - Level 1.9 Stealth


You had 3 spell levels left.
You didn't know any spells.
Your spell library contained the following spells:

 Spells                   Type           Power      Damage    Failure   Level
 Ensorcelled Hibernation  Hex/Ice        0%         N/A       67%         2
 Ozocubu's Armour         Ice            0%         N/A       88%         3
 Spider Form              Tmut/Pois      0%         N/A       88%         3
 Anguish                  Hex/Necr       0%         N/A       99%         4
 Metabolic Englaciation   Hex/Ice        0%         N/A       100%        5
 Simulacrum               Ice/Necr       0%         N/A       100%        6


Dungeon Overview and Level Annotations

Branches:
Dungeon (3/15)

Altars:


Innate Abilities, Weirdness & Mutations

You have a pair of horns on your head.
You reflexively headbutt those who attack you in melee.


Message History

There is a stone staircase leading up here.
An ice beast is nearby!
An ice beast is nearby!
You shoot an arrow. The arrow hits the ice beast!
The ice beast is moderately wounded.
You shoot an arrow. The arrow hits the ice beast.
The ice beast is moderately wounded.
You shoot an arrow. The arrow closely misses the ice beast.
You shoot an arrow. The arrow closely misses the ice beast.
You shoot an arrow. The arrow hits the ice beast.
The ice beast is heavily wounded.
The ice beast barely misses you.
You shoot an arrow. The arrow hits the ice beast.
The ice beast is heavily wounded.
The ice beast hits you. The ice beast freezes you.
You shoot an arrow. The arrow hits the ice beast!
The ice beast is severely wounded.
The ice beast hits you. The ice beast freezes you!
You are too injured to fight recklessly!
You are too injured to fight recklessly!
Unknown command.
Unknown command.
Unknown command.
Fire: a) +0 shortbow
Press: ? - help, Shift-Dir - straight line, f/p - ice beast
Aim: an ice beast (severely wounded, 62% to hit)
You shoot an arrow. The arrow barely misses the ice beast.
The ice beast hits you. The ice beast freezes you!
* * * LOW HITPOINT WARNING * * *
Fire: a) +0 shortbow
Press: ? - help, Shift-Dir - straight line, f/p - ice beast
Aim: an ice beast (severely wounded, 62% to hit)
You shoot an arrow. The arrow hits the ice beast.
The ice beast is almost dead.
The ice beast completely misses you. You furiously retaliate!
You headbutt the ice beast, but do no damage.
The ice beast hits you.
* * * LOW HITPOINT WARNING * * *
The ice beast freezes you!
You die...

#. #. #.
#. #. #.
#
#.#Y##.##
#...@...#
#...##..#
#.#. .# #
#. # #.
#. #. #.


You could see an ice beast.

Vanquished Creatures
  A hound (D:2)
  4 adders (D:2)
  3 worms (D:2)
  2 dart slugs (D:1)
  3 ball pythons
  4 bats
  6 endoplasms (D:1)
  2 giant cockroaches (D:1)
  7 goblins
  5 hobgoblins
  3 jackals (D:2)
  A frilled lizard (D:2)
  6 kobolds
  11 rats
58 creatures vanquished.

Notes
Turn   | Place    | Note
-------+----------+-------------------------------------------
     0 | D:1      | Persephone the Minotaur Hunter began the quest for the Orb.
     0 | D:1      | Reached XP level 1. HP: 18/18 MP: 0/0
    19 | D:1      | Reached skill level 1 in Stealth
    26 | D:1      | Reached XP level 2. HP: 16/25 MP: 1/1
   447 | D:1      | Reached XP level 3. HP: 30/30 MP: 2/2
  1102 | D:2      | Reached XP level 4. HP: 8/38 MP: 3/3
  1435 | D:2      | Reached skill level 5 in Ranged Weapons
  1599 | D:2      | Upgraded the game from 0.29.0-13-gc9e81de378 to
                  | 0.29.0-15-g675c0067aa
  1625 | D:2      | Found a faded altar of an unknown god.
  2207 | D:3      | Noticed an ice beast
  2216 | D:3      | Mangled by an ice beast

Illustrated notes

Levels and vault maps discovered:
D:1:      dpeg_arrival_stonehenge_8_columns, layout_basic, solitary_fountain,
          minmay_heptomino_h4
D:2:      layout_basic, dreamdust_ecumenical_altar_angels_and_demons
D:3:      layout_basic, gammafunk_ghost_necromancy, uniq_crazy_yiuf_cottage

Skill      XL: |  1  2  3  4 |
---------------+-------------+-----
Stealth        | 1 |  1.9
Fighting       | 3 |  3.3
Dodging        | 3 |  3.1
Ranged Weapons | 5 |  5.7

Action                   |  1- 3 |  4- 6 || total
-------------------------+-------+-------++-------
 Fire: Shortbow          |   120 |    60 ||   180
Armor: Leather armour    |    19 |     5 ||    24
Dodge: Dodged            |    42 |    16 ||    58
